Zazza, neutral female human Tourist -------------- |............. |............| --------- ------ |............-##############|...^...| |....|# --------------- --.----------- #|.......|#########-....|#######-.............| ######### #|.......|# |....-# |.............| # #|......>.# ---.--#######..............| ### #........|# ###### |........^....| # ##|.......|# # # ------------.-- ## q---------### ## #### # ---.- q@f######### # ---|------# ### |...| ### |........|# # |<... # |........|# ########## |...| ### |......^.|# --.---------- ----- # |.......`|###|...........| ##-........| #.........[..| ---------- |...........| ------------- Zazza the Rambler Experience level: 2 Strength: 11 Dexterity: 8 Constitution: 15 Intelligence: 12 Wisdom: 11 Charisma: 18 Health: 0(27) Energy: 6(6) Def: 0 Gold: 765 Moves: 3958 Dungeon seed: mi48C1pLuMpIAE-p Game ID: Zazza_1619094046 Your Inventory: Coins $ - 765 gold pieces Weapons a - 26 +2 darts N - a +0 spear V - a +2 elven dagger (weapon in hand) X - a +0 morning star Y - a +0 elven bow Armor e - an uncursed +0 Hawaiian shirt (being worn) q - a blessed +0 leather armor r - an uncursed +0 dwarvish roundshield Z - an uncursed burnt +0 cloak of displacement (being worn) Comestibles b - 6 uncursed food rations Scrolls i - an uncursed scroll of magic mapping j - a blessed scroll of magic mapping U - an uncursed scroll of enchant armor W - an uncursed scroll of identify Spellbooks O - an uncursed spellbook of create monster R - an uncursed spellbook of invisibility Potions h - 3 uncursed potions of extra healing T - an uncursed potion of polymorph Rings P - an uncursed ring of teleport control Wands Q - a cursed wand of sleep (0:3) Tools k - an expensive camera (0:73) l - an uncursed credit card J - an uncursed tallow candle (0:200) Gems n - an uncursed obsidian stone y - an uncursed worthless piece of orange glass Spells and supernatural/magical abilities: Name Level Category Fail Memory W - pray for help -- divine ? -- Your skills at the end: Fighting Skills Weapon Skills dart [Basic] Spellcasting Skills Final Attributes: You were nominally aligned. You were telepathic. You were displaced. You are dead. Vanquished creatures: a ghost 2 gray oozes a straw golem 3 floating eyes a homunculus a rabid rat a giant bat 2 iguanas 2 coyotes 3 hobbits 7 manes a hobgoblin 5 cave spiders a brown mold a yellow mold a gnome 3 garter snakes a gnome zombie 4 geckos 11 jackals a fox 4 kobolds 2 sewer rats 7 grid bugs 5 lichens 2 kobold zombies 8 newts 81 creatures vanquished. Voluntary challenges: You had followed a strict vegetarian diet until turn 3947. You used a wielded weapon 1 time, starting on turn 3957. You read items or engraved 9 times, starting on turn 807. You never genocided any monsters. You never polymorphed an object. You never changed form. You used no wishes. You never split a pudding. You wrote Elbereth's name 5 times, starting on turn 1838. You never violated your personal moral code. Dungeon overview: The Dungeons of Doom: levels 1 to 7 Level 1 a long staircase Level 2 Level 3 a fountain stairs to The Gnomish Mines Level 4 an altar to Offler, some fountains Level 5 Level 6 a fountain Level 7 <- You were here The Gnomish Mines: Level 4 stairs to The Dungeons of Doom History has recorded: On T:1 you entered the Dungeons of Doom to retrieve the Amulet of Yendor! On T:482 you reached level 2 of The Dungeons of Doom. On T:984 you reached level 3 of The Dungeons of Doom. On T:1043 you reached level 1 of The Gnomish Mines. On T:1391 you reached level 4 of The Dungeons of Doom. On T:1878 you reached level 5 of The Dungeons of Doom. On T:3052 you reached level 6 of The Dungeons of Doom. On T:3534 you reached level 7 of The Dungeons of Doom. On T:3944 you advanced to experience level 2. Score breakdown: Gold: 567 ( 9369 points) Experience: 2 levels ( 5570 points) Exploration: 7 levels ( 14.58%) (10718 points) Discoveries: 1 item ( 0.34%) ( 1737 points) Valuables value: (no points given unless you survive) Artifact value: 0 ( 0 points) Variety of kills: 27 monsters ( 7.09%) ( 7986 points) Turncount: 3958 turns (-1009 points) Survival: died (score multiplied by 80%) Total score: 27496 Latest messages: You kill the floating eye! Welcome to experience level 2. You have a little trouble lifting a - 2 +2 darts. You have a little trouble lifting V - an uncursed runed dagger (in quiver). You see here a floating eye corpse. This floating eye corpse tastes terrible! You finish eating the floating eye corpse. You feel a strange mental acuity. There is nothing here to pick up. You are now wielding your runed dagger. Armand misses the rothe. You hit the rothe. The rothe hits! The rothe bites! (2x) The rothe hits! The rothe bites! (2x) Armand bites the rothe. The rothe misses Armand. (3x) The rothe hits! The rothe bites! You die... Final status: Aloha Zazza the Tourist, killed by a rothe... You died in The Dungeons of Doom on dungeon level 7 with 27496 points, and 765 pieces of gold, after 3958 moves. You were level 2 with a maximum of 27 hit points when you died.